 Dungeon Crawl Stone Soup version 0.27-a0-965-gbf8bb431c4 (webtiles) character file.

Game seed: 4298677113395016757

492 Anon1729 the Insei (level 7, 0/45 HPs)
             Began as a Djinni Transmuter on Apr 12, 2021.
             Was a Follower of Hepliaklqana.
             Slain by an orc priest
             ... wielding a +0 short sword
              (6 damage)
             ... on level 4 of the Dungeon.
             The game lasted 00:09:24 (6431 turns).

Anon1729 the Insei (Djinni Transmuter)              Turns: 6431, Time: 00:09:25

Health: 0/45       AC:  2    Str:  6 (9)  XL:     7   Next: 14%
Gold:   148        EV: 21    Int: 14 (16) God:    Hepliaklqana [*.....] SH:  0 Dex: 16 (19)

rFire    . . .     SeeInvis .     - Unarmed
rCold    . . .     Faith    .   (shield currently unavailable)
rNeg     . . .     Spirit   .   (armour currently unavailable)
rPois    ∞         Reflect  .   (helmet currently unavailable)
rElec    .         Harm     .   (cloak currently unavailable)
rCorr    .         Rampage  .   (gloves currently unavailable)
Will     .....                  (boots unavailable)
Stlth    +.........             (no amulet)
HPRegen  0.15/turn              (no ring)
MPRegen  0.00/turn              (no ring)

@: spider-form, attractive, flying, hasted, very quick
A: venomous fangs, flying, reduced essence, tiny, (fire resistance 2), (cold
vulnerability 1), float, innate caster, hp casting, extra vitality 1
a: End Transformation, Renounce Religion, Recall Ancestor, Ancestor Identity


You were on level 4 of the Dungeon.
You worshipped Hepliaklqana.
Hepliaklqana was aware of your devotion.
You were a venomous arachnid creature.
You visited 1 branch of the dungeon, and saw 4 of its levels.

You collected 148 gold pieces.

Inventory:

Missiles
 b - 4 boomerangs of dispersal
Armour
 a - a +0 robe (melded)
Jewellery
 j - an amulet of faith
Scrolls
 c - 3 scrolls of enchant armour {unknown}
 d - a scroll of fear {unknown}
 e - 3 scrolls of fog {unknown}
 g - 2 scrolls of teleportation {unknown}
 h - a scroll of holy word {unknown}
 i - a scroll of blinking {unknown}
 k - a scroll of magic mapping {unknown}
 m - a scroll of enchant weapon {unknown}
 n - a scroll of noise {unknown}
 o - a scroll of brand weapon {unknown}
 r - a scroll of identify {unknown}
Potions
 f - 2 potions of attraction
 q - a potion of might


   Skills:
 + Level 3.2 Fighting
 + Level 4.0 Dodging
 + Level 4.4 Unarmed Combat
 * Level 4.1 Spellcasting


You couldn't memorise any spells.
You knew the following spells:

 Your Spells              Type           Power      Damage    Failure   Level
a - Beastly Appendage     Tmut           28%        N/A       12%         1
b - Wereblood             Tmut           14%        N/A       16%         2
c - Spider Form           Tmut/Pois      7%         N/A       26%         3
d - Ice Form              Ice/Tmut       14%        N/A       56%         4
e - Hydra Form            Tmut           7%         N/A       85%         5
f - Freeze                Ice            56%        1d7       12%         1
g - Ensorcelled Hibernat  Hex/Ice        28%        N/A       16%         2
h - Conjure Flame         Conj/Fire      14%        6-21      26%         3
Your spell library was empty.

Dungeon Overview and Level Annotations

Branches:
Dungeon (4/15)             Temple (0/1) D:4

Altars:
Hepliaklqana
Wu Jian
Xom


Innate Abilities, Weirdness & Mutations

You are a venomous arachnid creature.
You have poisonous fangs.
You are tiny and dextrous.
You are flying.
Your spellcasting is less reliable in this form.
Your armour is entirely melded.
You are incapable of wielding weapons or throwing items.
Your life essence is reduced to manifest your ancestor. (-10% HP)
You are immune to poison.
((Your flesh is very heat resistant. (rF++)))
((You are vulnerable to cold. (rC-)))
You float through the air rather than walking.
You learn spells naturally, not from books.
Your magical power is your life essence.
You have superior vitality. (+4 HP)


Message History

It was a potion of haste.
You feel yourself speed up.
Sagil-Zimu closely misses the orc wizard.
The orc wizard hits Sagil-Zimu but does no damage.
It was a potion of curing.
You feel better.
Sagil-Zimu misses the orc wizard.
You swap places.
The orc wizard misses you.
You hit the orc wizard.
The orc wizard is poisoned.
The orc wizard is moderately wounded.
The orc wizard completely misses you.
You completely miss the orc wizard.
The orc wizard is moderately wounded.
You hit the orc wizard.
The orc wizard looks as sick as possible!
The orc wizard is heavily wounded.
The orc wizard gestures at you while chanting.
The magic dart hits you.
* * * LOW HITPOINT WARNING * * *
You hit the orc wizard.
The orc wizard looks as sick as possible!
The orc wizard is severely wounded.
The orc wizard closely misses you.
You barely miss the orc wizard.
The orc wizard is severely wounded.
You kill the orc wizard!
You barely miss the orc priest. You hit the orc priest.
The orc priest is poisoned.
The orc priest is lightly wounded.
The orc priest misses you.
You hit the orc priest but do no damage.
The orc priest looks as sick as possible!
The orc priest is lightly wounded.
The orc priest hits you with a +0 short sword.
* * * LOW HITPOINT WARNING * * *
You hit the orc priest.
The orc priest looks as sick as possible!
The orc priest is moderately wounded.
You hit the orc priest.
The orc priest looks as sick as possible!
The orc priest is heavily wounded.
The orc priest hits you with a +0 short sword.
You die...

# #.#
####..≈.########..##.#
###.# ##.≈.# #..##.##
.##.# ##≈## #.......
.##.# #≈# ####.##...
....# #≈# #..R.####.
....# ### #.#### #.
...## #.# #.# #. ..##
#R# #.# ## ..# #s# #.#
# .########## #o# #.#
# ..........######.#
#.# ##
>########.oo.....#
#.#######. ##
########## #...##....
# ##.........
##..#...##..
#....#.#..#. ##
#.#..#....#.


You could see the friendly Sagil-Zimu the ancestor and an orc priest (extremely
poisoned, ally target).

Vanquished Creatures
  A scorpion (D:4)
  An orc wizard (D:4)
  Robin (D:3)
  3 gnolls (D:2)
  5 adders
  An adder skeleton (D:4)
  A dart slug (D:3)
  8 orcs
  13 ball pythons
  5 bats
  8 endoplasms
  A giant cockroach (D:2)
  14 goblins
  13 hobgoblins
  8 jackals
  6 quokkas
  A frilled lizard (D:2)
  4 kobolds
  7 rats
101 creatures vanquished.

Vanquished Creatures (collateral kills)
  A necrophage (D:4)
  A bullfrog (D:4)
  A jelly (D:4)
  2 adders
  A worm (D:4)
  A dart slug (D:4)
  An orc (D:4)
  An endoplasm (D:4)
  A goblin (D:4)
  3 jackals (D:4)
  A frilled lizard (D:3)
14 creatures vanquished.

Vanquished Creatures (others)
  6 plants (D:3)
6 creatures vanquished.

Grand Total: 121 creatures vanquished

Notes
Turn   | Place    | Note
-------+----------+-------------------------------------------
     0 | D:1      | Anon1729 the Djinni Transmuter began the quest for the Orb.
     0 | D:1      | Reached XP level 1. HP: 17/17 MP: 0/0
    76 | D:1      | Reached XP level 2. HP: 20/22 MP: 0/0
  1144 | D:1      | Reached XP level 3. HP: 20/27 MP: 0/0
  1144 | D:1      | Learned a level 1 spell: Freeze
  2639 | D:2      | Reached XP level 4. HP: 30/33 MP: 0/0
  3323 | D:3      | Noticed Robin
  3517 | D:3      | Killed Robin
  3537 | D:3      | Reached XP level 5. HP: 13/38 MP: 0/0
  3537 | D:3      | Learned a level 2 spell: Ensorcelled Hibernation
  4079 | D:3      | Found a faded altar of an unknown god.
  4087 | D:3      | Became a worshipper of Hepliaklqana the Forgotten
  4087 | D:3      | Reached * piety under Hepliaklqana
  4128 | D:3      | Found a shimmering altar of Xom.
  5242 | D:3      | Found an ornate altar of the Wu Jian Council.
  5318 | D:4      | Reached XP level 6. HP: 35/40 MP: 0/0
  5540 | D:4      | Found a staircase to the Ecumenical Temple.
  5591 | D:4      | Noticed a necrophage
  5599 | D:4      | Killed a necrophage
  5746 | D:4      | Reached XP level 7. HP: 18/45 MP: 0/0
  5746 | D:4      | Learned a level 3 spell: Conjure Flame
  6431 | D:4      | Slain by an orc priest

Illustrated notes

Levels and vault maps discovered:
D:1:      saegor_arrival_miasma, layout_basic
D:2:      layout_loops_ring, kennysheep_generic_room_10
D:3:      minmay_razor_zed, layout_rooms,
          chequers_temple_overflow_statue_of_worship,
          chequers_ecumenical_altar_lobes, uniq_robin
D:4:      layout_loops_ring, minmay_temple_entry_mini_moons, serial_rivers,
          chequers_serial_rivers_micro_d, chequers_serial_rivers_small_b,
          chequers_serial_rivers_room_a, chequers_serial_rivers_micro_a

Skill      XL: |  1  2  3  4  5  6 |
---------------+-------------------+-----
Spellcasting   | 2 3 4 |  4.1
Fighting       | 2 3 |  3.2
Dodging        | 3 4 |  4.0
Unarmed Combat | 4 |  4.4

Action                   |  1- 3 |  4- 6 |  7- 9 || total
-------------------------+-------+-------+-------++-------
Melee: Unarmed           |   140 |   221 |    27 ||   388
       Headbutt          |    14 |     7 |     1 ||    22
       Punch             |     1 |       |       ||     1
 Cast: Beastly Appendage |    27 |    14 |     2 ||    43
       Spider Form       |     1 |    13 |     1 ||    15
  Use: Potion            |       |       |     4 ||     4
 Stab: Sleeping          |       |     3 |       ||     3
       Distracted        |       |       |     1 ||     1
Armor: Robe              |    22 |    10 |     1 ||    33
       Skin              |       |     3 |       ||     3
Dodge: Dodged            |    99 |   147 |    15 ||   261

Table legend: (Time is in decaauts)
 A = Elapsed time spent in this place.
 B = Non-inter-level travel time spent in this place.
 C = Inter-level travel time spent in this place.
 D = Time resting spent in this place.
 E = Time spent auto-exploring this place.
 F = Levels seen in this place.
 G = Mean time per level.
                   A        B        C        D        E       F      G
               +--------+--------+--------+--------+--------+-----+--------+
         Total |   6403 |   6317 |     86 |   1050 |   4472 |   4 | 1600.8 |
       Dungeon |   6403 |   6317 |     86 |   1050 |   4472 |   4 | 1600.8 |
               +--------+--------+--------+--------+--------+-----+--------+

Top non-repeatable levels by time:
     D:2: 2029 daAuts
     D:1: 1616 daAuts
     D:3: 1597 daAuts
     D:4: 1159 daAuts
